 Dungeon Crawl Stone Soup version 0.18-a0-1747-g18c4181 (webtiles) character file.

490 Ijustatesigmund the Skirmisher (level 7, -8/78 HPs)
             Began as an Ogre Hunter on Apr 12, 2016.
             Mangled by a gnoll
             ... wielding a +0 flail
              (12 damage)
             ... on level 4 of the Dungeon.
             The game lasted 00:13:22 (4267 turns).

Ijustatesigmund the Skirmisher (Ogre Hunter)        Turns: 4267, Time: 00:13:22

Health: -8/78      AC:  6    Str: 15    XL:     7   Next: 14%
Magic:  9/16       EV: 10    Int:  5    God:
Gold:   231        SH:  0    Dex: 12    Spells: 0 memorised, 6 levels left

rFire  . . .     SeeInvis +     s - +2 mace "Daqeshru" {vamp, MP+9 Str-3 Int-5 SInv} (curse)
rCold  + . .     Gourm    .     h - +2 robe {rC+}
rNeg   . . .     Faith    .     (no shield)
rPois  +         Spirit   .     (helmet restricted)
rElec  .         Dismiss  .     n - +0 cloak {rPois}
rCorr  .         Reflect  .     (gloves unavailable)
SustAt .         Harm     .     (boots unavailable)
MR     .....     Rnd*Tele +     (no amulet)
Stlth  +.........               q - ring of teleportation (curse)
                                b - ring of wizardry

@: about to teleport, not resistant to hostile enchantments, very unstealthy
A: unfitting armour, tough skin 1
a: no special abilities


You were on level 4 of the Dungeon.
You were not hungry.

You visited 1 branch of the dungeon, and saw 4 of its levels.

You collected 231 gold pieces.

Inventory:

Hand Weapons
 a - a +3 flail of draining
 l - a +0 mace
 m - a cursed +0 mace
 s - the cursed +2 mace "Daqeshru" (weapon) {vamp, MP+9 Str-3 Int-5 SInv}
   (You found it on level 4 of the Dungeon)

   It inflicts no extra harm, but heals its wielder somewhat when it strikes a
   living foe.
   It affects your strength (-3).
   It affects your intelligence (-5).
   It affects your magic capacity (+9).
   It lets you see invisible.
   It has a curse placed upon it.
 x - a +1 mace of crushing
Missiles
 c - 5 large rocks (quivered)
 d - 2 throwing nets
 k - 7 javelins of penetration
 w - 4 tomahawks
Armour
 h - a +2 robe of cold resistance (worn)
 n - a +0 cloak of poison resistance (worn)
Jewellery
 b - a ring of wizardry (left hand)
 q - a cursed ring of teleportation (right hand)
 r - an uncursed ring of fire
Scrolls
 e - a scroll of teleportation
 p - a scroll of blinking
 t - 2 scrolls of enchant weapon
Potions
 g - a potion of mutation
 i - a potion of lignification
 o - a potion of cancellation {unknown}
 u - a potion of invisibility {unknown}
 v - 2 potions of curing {unknown}
Comestibles
 f - a bread ration
 j - a meat ration


   Skills:
 + Level 7.6 Fighting
 + Level 6.1 Maces & Flails
 - Level 4.0 Throwing
 - Level 1.7 Dodging
 - Level 0.7 Stealth


You had 6 spell levels left.
You didn't know any spells.

Dungeon Overview and Level Annotations

Branches:
Dungeon (4/15)
 Temple: D:4-7

Altars:
Ashenzari


Innate Abilities, Weirdness & Mutations

You are too large for most types of armour.
You have tough skin (AC +1).


Message History

The gnoll is moderately wounded.
The gnoll hits you from afar with a halberd.
The gnoll hits you from afar with a spear.
You hit the gnoll.
The gnoll is heavily wounded.
The gnoll hits you but does no damage.
The gnoll hits you from afar with a spear.
The gnoll hits you from afar with a halberd!
You hit the gnoll but do no damage.
The gnoll is heavily wounded.
The gnoll misses you. The gnoll hits you with a flail!
The gnoll hits you from afar with a halberd!
* * * LOW HITPOINT WARNING * * *
Read which item? (? for menu, Esc to quit)
As you read the scroll of teleportation, it crumbles to dust.
You feel strangely unstable.
The gnoll hits you from afar with a spear!
* * * LOW HITPOINT WARNING * * *
The gnoll hits you with a flail!
You die...

#.....#.##.......#.#.# ###....
#......[##.........#.###......
##...#####............##.#....
###.# #............##.#####
#.# ##............##.# #.#
#.....)...###.##.#### #.#
#.#####........(....## #.#
#.#####.#.###..#.##...
#.####.##.@gg.......#.##.##
#....#.##.##g#........##.#
####......##.######.####.#
###.......# #......# #########
######.## ####... #.....#
#...... #.....#


You could see 3 gnolls.

Vanquished Creatures
  The ghost of andalon the Grave Robber, an amateur DENe (D:3)
  An orc priest (D:3)
  Crazy Yiuf (D:4)
  2 orc wizards
  A giant frog skeleton (D:4)
  Ijyb (D:2)
  Terence (D:2)
  A worker ant (D:2)
  Robin (D:2)
  9 adders
  2 oozes
  4 worms
  2 dart slugs
  2 giant geckos
  9 orcs
  2 ball pythons (D:1)
  8 bats
  2 giant cockroaches (D:1)
  14 goblins
  13 hobgoblins
  2 jackals (D:4)
  5 kobolds
  2 quokkas
  6 giant newts
  6 rats
  A fungus (D:4)
99 creatures vanquished.

Notes
Turn   | Place    | Note
--------------------------------------------------------------
     0 | D:1      | Ijustatesigmund the Ogre Hunter began the quest for the Orb.
     0 | D:1      | Reached XP level 1. HP: 22/22 MP: 1/1
    64 | D:1      | Reached skill level 3 in Fighting
   385 | D:1      | Reached XP level 2. HP: 20/31 MP: 2/2
   646 | D:1      | Reached skill level 4 in Fighting
   714 | D:1      | Reached skill level 1 in Maces & Flails
  1038 | D:1      | Reached XP level 3. HP: 33/39 MP: 3/3
  1239 | D:2      | Noticed Ijyb
  1245 | D:2      | Killed Ijyb
  1307 | D:2      | Reached XP level 4. HP: 49/49 MP: 4/4
  1384 | D:2      | Noticed Terence
  1387 | D:2      | Killed Terence
  1387 | D:2      | Reached skill level 5 in Fighting
  1859 | D:2      | Noticed Robin
  1865 | D:2      | Killed Robin
  1867 | D:2      | Reached XP level 5. HP: 49/57 MP: 5/5
  2380 | D:3      | Reached skill level 6 in Fighting
  2380 | D:3      | Reached XP level 6. HP: 67/68 MP: 6/6
  2642 | D:3      | Reached skill level 5 in Maces & Flails
  2688 | D:3      | Noticed andalon's ghost (amateur DENe)
  3138 | D:4      | Reached skill level 7 in Fighting
  3192 | D:4      | Found a shattered altar of Ashenzari.
  3610 | D:3      | Killed andalon's ghost
  3610 | D:3      | Reached XP level 7. HP: 41/78 MP: 7/7
  4228 | D:4      | Noticed Crazy Yiuf
  4229 | D:4      | Killed Crazy Yiuf
  4245 | D:4      | Got a steaming mace
  4252 | D:4      | Identified the cursed +2 mace "Daqeshru" {vamp, MP+9 Str-3 Int-5 SInv} (You found it on level 4 of the Dungeon)
  4267 | D:4      | Mangled by a gnoll

Vault maps used:
D:1:      zelgadis_glass_arrival_small
D:2:      first_bread, kennysheep_generic_room_10, uniq_iyjb, uniq_robin,
          uniq_terence
D:3:      kennysheep_generic_room_14
D:4:      lemuel_doored_altar, uniq_crazy_yiuf_cottage

Skill      XL: |  1  2  3  4  5  6  7 |
---------------+----------------------+-----
Fighting       | 3 4 5 6 7 |  7.6
Maces & Flails | 1 2 3 4 5 6 |  6.1
Throwing       | |  4.0
Dodging        | |  1.7
Stealth        | |  0.7

Action                   |  1- 3 |  4- 6 |  7- 9 || total
-------------------------+-------+-------+-------++-------
Melee: Short sword       |    32 |       |       ||    32
       Whip              |    28 |       |       ||    28
       Mace              |    36 |    17 |     8 ||    61
       Flail             |       |   166 |    11 ||   177
Throw: Large rock        |     8 |    15 |     1 ||    24
       Javelin           |     3 |    13 |       ||    16
  Use: Scroll            |     4 |     4 |     1 ||     9
       Potion            |       |     3 |       ||     3
 Stab: Sleeping          |     2 |     5 |       ||     7
       Distracted        |       |     1 |       ||     1
  Eat: Chunk             |     1 |     7 |       ||     8
       Fruit             |       |       |     3 ||     3
       Bread ration      |       |       |     2 ||     2
Armor: Robe              |    36 |    65 |     3 ||   104
Dodge: Dodged            |    63 |    86 |     4 ||   153
